 Dungeon Crawl Stone Soup version 0.32-a0-468-g38b2580584 (webtiles) character file.

Game seed: 11443882409890985825

15014 Esekla the Covert (level 12, -4/82 HPs)
             Began as an Octopode Delver on Feb 22, 2024.
             Was an Initiate of Gozag.
             Slain by a black mamba (13 damage)
             ... on level 2 of the Lair of Beasts on Feb 24, 2024.
             The game lasted 01:05:06 (12004 turns).

Esekla the Covert (Octopode Delver)                Turns: 12004, Time: 01:05:06

Health: -4/82      AC:  1    Str: 12    XL:     12   Next: 22%
Magic:  25/25      EV: 16    Int: 16    God:    Gozag
Gold:   964        SH:  0    Dex: 14    Spells: 23/29 levels left

rFire   . . .        a - +4 scimitar
rCold   . . .        (no shield)
rNeg    . . .        (helmet restricted)
rPois   +            G - amulet of Xom's Sleight of Hands {RegenMP rPois}
rElec   .            m - ring of wizardry
rCorr   +            y - ring of resist corrosion
SInv    .            (no ring)
Will    .....        (no ring)
Stlth   +++++        (no ring)
HPRegen 0.33/turn    (no ring)
MPRegen 0.59/turn    (no ring)
                     (no ring)

%: wizardry (x1)
@: marked
A: almost no armour, amphibious, 8 rings, camouflage 1, gelatinous body 1,
(nimble swimmer 1), tentacles
a: Renounce Religion, Potion Petition, Call Merchant, Bribe Branch


You were on level 2 of the Lair of Beasts.
You worshipped Gozag.
Gozag was pleased with you.
You visited 3 branches of the dungeon, and saw 11 of its levels.

You collected 2314 gold pieces.
You spent 602 gold pieces at shops.
You paid 748 gold pieces to Gozag.

Inventory:

Hand Weapons
 a - a +4 scimitar (weapon)
 r - a +2 trident of protection
 s - the +4 rapier "Kustus" {flame, rF++ Int-3 SInv}
   (You found it on level 5 of the Dungeon)

   Int-3:     It affects your intelligence (-3).
   rF++:      It greatly protects you from fire.
   SInv:      It lets you see invisible.
 w - the +2 war axe "Pyosao" {flame, +Blink Str+3 Int+3 Dex-3}
   (You found it on level 6 of the Dungeon)

   Str+3:     It affects your strength (+3).
   Int+3:     It affects your intelligence (+3).
   Dex-3:     It affects your dexterity (-3).
   +Blink:    It lets you blink.
 H - a +3 dagger of holy wrath
Missiles
 i - 23 poisoned darts (quivered)
 C - 3 curare-tipped darts
Jewellery
 m - a ring of wizardry (left tentacle)
 y - a ring of resist corrosion (right tentacle)
 D - an amulet of reflection
 G - the amulet of Xom's Sleight of Hands (around mantle) {RegenMP rPois}
   (You bought it in a shop on level 8 of the Dungeon)

   [amulet of magic regeneration]

   RegenMP:   It increases your rate of magic regeneration.
   rPois:     It protects you from poison
Wands
 f - a wand of digging (3)
 g - a wand of roots (11)
 h - a wand of mindburst (7)
 p - a wand of flame (6)
Scrolls
 b - 4 scrolls of fog
 c - 5 scrolls of revelation
 d - a scroll of fear
 o - 4 scrolls of teleportation {unknown}
 t - 4 scrolls of enchant armour {unknown}
 v - a scroll of blinking {unknown}
 x - a scroll of silence {unknown}
 E - a scroll of poison {unknown}
Potions
 e - a potion of cancellation
 j - 2 potions of curing
 l - 3 potions of might
 n - 6 potions of ambrosia
 q - a potion of haste
 u - a potion of attraction {unknown}
 z - a potion of lignification {unknown}
 A - a potion of enlightenment {unknown}
 B - 3 potions of mutation {unknown}
 F - a potion of brilliance {unknown}


   Skills:
 * Level 8.0 Fighting
 + Level 6.4(6.6) Short Blades
 + Level 2.1(4.6) Long Blades
 + Level 2.9 Throwing
 * Level 7.1 Dodging
 + Level 10.4 Stealth
 * Level 9.2 Spellcasting
 * Level 10.0 Ice Magic


You had 23 spell levels left.
You knew the following spells:

 Your Spells              Type           Power      Damage    Failure   Level
a - Ozocubu's Armour      Ice            39%        N/A       1%          3
r - Frozen Ramparts       Ice            78%        1d12      1%          3

Your spell library contained the following spells:

 Spells                   Type           Power      Damage    Failure   Level
 Freeze                   Ice            100%       1d10      1%          1
 Hailstorm                Conj/Ice       23%        3d7       1%          3
 Summon Small Mammal      Summ           28%        N/A       4%          1
 Call Canine Familiar     Summ           7%         N/A       12%         3
 Sigil of Binding         Hex            7%         N/A       12%         3
 Metabolic Englaciation   Hex/Ice        11%        N/A       14%         5
 Dimensional Bullseye     Hex/Tloc       3%         N/A       36%         4
 Summon Blazeheart Golem  Fire/Summ      7%         N/A       36%         4
 Sculpt Simulacrum        Ice/Alch       11%        N/A       58%         6
 Alistair's Intoxication  Alch           4%         N/A       69%         5
 Borgnjor's Vile Clutch   Necr/Erth      3%         N/A       69%         5
 Eringya's Noxious Bog    Alch           3%         4d6       99%         6


Dungeon Overview and Level Annotations

Branches:
Dungeon (8/15)             Temple (1/1) D:5            Lair (2/5) D:8
  Swamp (0/4) Lair:2
  Snake: Lair:2-3    Spider: Lair:2-3

Altars:
Ashenzari
Cheibriados
Dithmenos
Elyvilon
Fedhas
Gozag
Hepliaklqana
Kikubaaqudgha
Makhleb
Nemelex Xobeh
Okawaru
Qazlal
Ru
Sif Muna
Trog
Uskayaw
Vehumet
Wu Jian
Xom
Yredelemnul
Zin
The Shining One

Shops:
D:1 *   D:6 *   D:7 (!   D:8 =


Innate Abilities, Weirdness & Mutations

You cannot wear most types of armour.
You are amphibious.
You can wear up to eight rings at the same time.
Your skin changes colour to match your surroundings (Stealth+).
Your rubbery body absorbs attacks. (AC +1, EV +1)
((You are camouflaged when in or above water. (Stealth+)))
You have tentacles for arms and can constrict up to eight enemies at once.


Message History

Found 13 gold pieces.
You start resting.
HP restored.
You now have 942 gold pieces (gained 13).
You now have 946 gold pieces (gained 4).
You now have 952 gold pieces (gained 6).
You now have 964 gold pieces (gained 12).
Okay, then.
Found 14 gold pieces.
Found a stone staircase leading down.
You see here the +0 pair of gloves "Halo" {Dex+2 Slay+5 Stlth-}.
The elephant trumpets!
The elephant sets off the alarm!
The alarm trap emits a blaring wail!
A sentinel's mark forms upon you.
You hear an angry hiss.
The elephant attacks as it pursues you! The elephant tramples you.
You stumble backwards!
The elephant barely misses you. The elephant trunk-slaps you.
You closely miss the black mamba. Your grab misses the black mamba.
You squeeze the black mamba.
The black mamba is lightly wounded.
The black mamba bites you. The elephant tramples you!
You hold your ground!
The elephant misses you. The black mamba barely misses you.
You barely miss the black mamba. Your grab misses the black mamba.
You squeeze the black mamba.
The black mamba is moderately wounded.
The black mamba completely misses you. The elephant tramples you.
You hold your ground!
The elephant trunk-slaps you. The black mamba bites you.
The black mamba misses you. The black mamba bites you.
The black mamba barely misses you. The black mamba bites you!
The black mamba attacks as it pursues you!
The black mamba bites you!!
* * * LOW HITPOINT WARNING * * *
The black mamba misses you. The water moccasin bites you.
* * * LOW HITPOINT WARNING * * *
The black mamba bites you!
You die...
Your body crumbles into a pile of gold.

................#.......##
................#........#
#........P......#.......##
.P...).....#+.##........#
........................##
.........................#
......#....#..##........##
.#....P.................#
..........@......#.#.#..#
.#........SSY.>..###.#..#
......P.....Y..#.# ##...# .
PP............Y#.# ##..# .
...............Y.# #P..#
...............#.# ##..#
#.........#..........# ##..#
##.........#........#.## #P..#
#..........#.##..P###..####..#


You could see 4 elephants, a black mamba and a water moccasin.

Vanquished Creatures
  Nergalle (Lair:1)
  An elephant (Lair:2)
  6 black mambas
  6 komodo dragons
  Sigmund (D:6)
  A shadow (D:5)
  3 wyverns (D:8)
  35 yaks
  3 basilisks
  6 water moccasins
  2 black bears (D:5)
  2 sky beasts
  An ice beast (D:5)
  2 centaurs (D:8)
  Blork the orc (D:6)
  A phantom (D:4)
  2 kobold brigands
  16 bullfrogs
  A jelly (D:5)
  6 scorpions
  11 wights
  9 killer bees
  3 electric eels
  A bombardier beetle (D:6)
  2 hounds
  2 orc priests
  4 iguanas
  An orc wizard (D:8)
  5 sleepcaps
  6 adders
  A shadow imp (D:6)
  4 ufetubi (D:7)
  5 dart slugs
  A ribbon worm (D:4)
  18 orcs
  4 ball pythons
  6 endoplasms
  A giant cockroach (D:2)
  5 goblins
  8 hobgoblins
  3 quokkas
  7 bats
  6 frilled lizards
  13 kobolds
  5 rats
228 creatures vanquished.

Notes
Turn   | Place    | Note
-------+----------+-------------------------------------------
     0 | D:5      | Esekla the Octopode Delver began the quest for the Orb.
     0 | D:5      | Reached XP level 1. HP: 16/16 MP: 1/1
     1 | D:5      | Found a staircase to the Ecumenical Temple.
     5 | D:5      | Noticed a black bear
    10 | Temple   | Entered the Ecumenical Temple
    38 | D:5      | Identified the +4 rapier "Kustus" {flame, rF++ Int-3 SInv}
   108 | Temple   | Became a worshipper of Gozag Ym Sagoz the Greedy
   151 | D:4      | Noticed a phantom
   170 | D:4      | Noticed an orc priest
   181 | D:4      | Noticed a hound
   251 | D:4      | Killed a phantom
   252 | D:4      | Reached skill level 1 in Spellcasting
   252 | D:4      | Reached XP level 2. HP: 2/22 MP: 1/3
   252 | D:4      | Reached XP level 3. HP: 3/27 MP: 1/4
   252 | D:4      | Reached XP level 4. HP: 4/33 MP: 1/5
  1067 | D:1      | Found Ucydu's General Store.
  1109 | D:1      | Bought a scroll of identify for 26 gold pieces
  1154 | D:1      | Learned a level 3 spell: Frozen Ramparts
  1420 | D:2      | Reached skill level 1 in Short Blades
  1420 | D:2      | Reached XP level 5. HP: 37/37 MP: 6/6
  1665 | D:2      | Found a faded altar of an unknown god.
  2874 | D:4      | Learned a level 3 spell: Ozocubu's Armour
  2949 | D:4      | Reached skill level 1 in Ice Magic
  2949 | D:4      | Reached XP level 6. HP: 15/43 MP: 6/8
  3533 | D:5      | Noticed a black bear
  3548 | D:5      | Killed a black bear
  3549 | D:5      | Reached XP level 7. HP: 26/48 MP: 5/9
  4226 | D:5      | Reached XP level 8. HP: 54/54 MP: 10/12
  4261 | D:5      | Noticed a shadow
  4264 | D:5      | Killed a shadow
  4414 | D:6      | Identified the +2 war axe "Pyosao" {flame, +Blink Str+3
                  | Int+3 Dex-3}
  4483 | D:6      | Found Zauphal's Overcharged Wands.
  4857 | D:6      | Noticed Blork the orc
  4860 | D:6      | Killed Blork the orc
  5014 | D:6      | Noticed Sigmund
  5016 | D:6      | Killed Sigmund
  5017 | D:6      | Reached skill level 5 in Fighting
  5294 | D:6      | Reached XP level 9. HP: 61/61 MP: 12/15
  5555 | D:7      | Reached skill level 5 in Ice Magic
  5559 | D:7      | Reached skill level 1 in Throwing
  5886 | D:7      | Reached skill level 5 in Dodging
  6158 | D:7      | Found Libu Gis's Antique Weapon Boutique.
  6159 | D:7      | Found Zepicaog's Distillery.
  7031 | D:7      | Reached skill level 5 in Spellcasting
  7230 | D:8      | Found a glowing golden altar of the Shining One.
  7231 | D:8      | Found a broken altar of Ashenzari.
  7383 | D:8      | Reached skill level 5 in Short Blades
  7638 | D:8      | Reached XP level 10. HP: 68/68 MP: 18/18
  7898 | D:8      | Found a staircase to the Lair.
  8953 | D:8      | Reached XP level 11. HP: 46/74 MP: 18/22
  9195 | D:8      | Bought the amulet of Xom's Sleight of Hands {RegenMP rPois}
                  | for 576 gold pieces
  9228 | Lair:1   | Entered Level 1 of the Lair of Beasts
 10486 | Lair:1   | Reached skill level 10 in Stealth
 10726 | Lair:1   | Noticed Nergalle
 10735 | Lair:1   | Killed Nergalle
 10796 | Lair:1   | Upgraded the game from 0.32-a0-433-g08bcfe7efd to
                  | 0.32-a0-468-g38b2580584
 10819 | Lair:2   | Noticed an eleionoma
 10819 | Lair:2   | Found a staircase to the Swamp.
 10958 | Lair:2   | Reached XP level 12. HP: 60/82 MP: 22/24
 11687 | Lair:2   | Reached skill level 10 in Ice Magic
 11971 | Lair:2   | Identified the +0 pair of gloves "Halo" {Dex+2 Slay+5
                  | Stlth-}
 12004 | Lair:2   | Slain by a black mamba

Illustrated notes

Levels and vault maps discovered:
D:1:      dpeg_arrival_arbitrary_b, layout_basic, serial_shops, shop
D:2:      layout_basic, shapermc_ecumenical_altar_starsandcircs
D:3:      layout_basic
D:4:      layout_loops_cross
D:5:      layout_gridville, minmay_temple_entry_mini_moons
D:6:      layout_basic, nicolae_shop_overcharged_wands, uniq_blork_the_orc,
          uniq_sigmund
D:7:      layout_basic, serial_co_window_serial, co_window_paths_a,
          co_window_paths_b, co_window_of_opportunity_a, co_window_paths_a,
          co_window_corner_a, co_window_paths_b, co_window_corner_b,
          co_window_corner_ca, co_window_corner_b, co_window_4corner_a,
          glass_columns_c, glass_columns_b, nicolae_wooded_promenade,
          blue_anna_alchemist
D:8:      layout_rooms, nicolae_overflow_two_pavilions, minmay_lair_entry_grove
Temple:   nicolae_temple_slightly_damp_pantheon
Lair:1:   layout_cave_shapes, infiniplex_staircase_pool_2, grunt_megastairs_1,
          uniq_nergalle
Lair:2:   layout_chaotic_city, alex1729_swamp_entry_worm_eleionoma

Skill      XL: |  1  2  3  4  5  6  7  8  9 10 11 12 |
---------------+-------------------------------------+-----
Stealth        | 7 8 9 10 | 10.4
Spellcasting   | 1 2 4 5 7 8 9 |  9.2
Short Blades   | 1 3 4 5 6 |  6.4
Dodging        | 3 4 5 6 7 |  7.1
Fighting       | 4 5 6 7 8 |  8.0
Ice Magic      | 1 3 4 6 7 9 10 | 10.0
Throwing       | 1 2 |  2.9
Long Blades    | |  2.1

Action                     |  1- 3 |  4- 6 |  7- 9 | 10-12 || total
---------------------------+-------+-------+-------+-------++-------
  Melee: Rapier            |    10 |   102 |   113 |   233 ||   458
         Constrict         |     1 |    19 |    27 |    20 ||    67
         Tentacles         |     1 |    11 |    27 |    75 ||   114
         Falchion          |       |       |     3 |       ||     3
         Scimitar          |       |       |       |    14 ||    14
  Throw: Dart              |       |     3 |    24 |    41 ||    68
         Throwing net      |       |       |     1 |       ||     1
         Boomerang         |       |       |       |     6 ||     6
   Cast: Ozocubu's Armour  |       |     3 |    20 |    34 ||    57
         Frozen Ramparts   |       |     3 |    28 |    45 ||    76
 Invoke: Call Merchant     |       |       |       |     1 ||     1
  Evoke: Wand              |       |       |       |     3 ||     3
    Use: Potion            |     1 |       |     1 |     8 ||    10
         Scroll            |       |     5 |       |       ||     5
   Stab: Sleeping          |     2 |    29 |    14 |    10 ||    55
         Distracted        |       |       |       |     2 ||     2
 Armour: Skin              |     7 |    29 |    71 |   170 ||   277
  Dodge: Dodged            |     5 |    39 |    74 |   173 ||   291

Table legend: (Time is in decaauts)
 A = Elapsed time spent in this place.
 B = Non-inter-level travel time spent in this place.
 C = Inter-level travel time spent in this place.
 D = Time resting spent in this place.
 E = Time spent auto-exploring this place.
 F = Levels seen in this place.
 G = Mean time per level.
                   A        B        C        D        E       F      G
               +--------+--------+--------+--------+--------+-----+--------+
         Total |  11969 |  11679 |    290 |   3561 |   3197 |  11 | 1088.1 |
       Dungeon |   9165 |   8936 |    229 |   2328 |   2885 |   8 | 1145.6 |
        Temple |     41 |      4 |     37 |      0 |      0 |   1 |   41.0 |
          Lair |   2763 |   2740 |     23 |   1232 |    312 |   2 | 1381.5 |
               +--------+--------+--------+--------+--------+-----+--------+

Top non-repeatable levels by time:
     D:7: 2266 daAuts
  Lair:1: 1830 daAuts
     D:8: 1353 daAuts
     D:6: 1201 daAuts
     D:5: 1096 daAuts
  Lair:2: 932 daAuts
     D:2: 920 daAuts
     D:3: 858 daAuts
     D:4: 798 daAuts
     D:1: 669 daAuts
  Temple: 41 daAuts
